 Dungeon Crawl Stone Soup version 0.17.0-56-gd8de76c (webtiles) character file.

5437 gorblad the Quickloader (level 10, -28/74 HPs)
             Began as a Demonspawn Wanderer on Dec 5, 2015.
             Was a Believer of Dithmenos.
             Killed by the air
             ... invoked by Gastronok
              (34 damage)
             ... on level 9 of the Dungeon.
             The game lasted 00:26:46 (9356 turns).

gorblad the Quickloader (Demonspawn Wanderer)       Turns: 9356, Time: 00:26:47

Health: -28/74     AC:  9    Str: 16    XL:     10   Next: 41%
Magic:  11/11      EV: 14    Int: 12    God:    Dithmenos [**....]
Gold:   440        SH:  0    Dex: 14    Spells: 0 memorised, 9 levels left

rFire  . . .     SeeInvis .     D - +0 great sword
rCold  . . .     Clarity  .     x - troll hide {Purgy}
rNeg   . . .     SustAt   +     (shield currently unavailable)
rPois  .         Gourm    .     y - +0 helmet
rElec  .         Spirit   .     L - +2 cloak
rCorr  .         Warding  .     (no gloves)
rMut   .         Stasis   .     J - +0 pair of boots
MR     .....                    (no amulet)
Stlth  ++++++....               h - +2 ring of protection
                                n - ring of sustain attributes

@: wreathed by umbra, not resistant to hostile enchantments, very stealthy
A: claws 2, nightstalker 2, spiny 2
a: Shadow Step, Renounce Religion


You were on level 9 of the Dungeon.
You worshipped Dithmenos.
Dithmenos was pleased with you.
You were not hungry.

You visited 2 branches of the dungeon, and saw 10 of its levels.
You also visited: Ossuary.

You collected 440 gold pieces.

Inventory:

Hand Weapons
 a - a +2 hand crossbow
 D - a +0 great sword (weapon)
Missiles
 c - a bolt
Armour
 e - a +0 robe
 g - a +0 buckler
 s - a +0 leather armour
 x - a troll hide (worn) {Purgy}
 y - a +0 helmet (worn)
 J - a +0 pair of boots (worn)
 L - a +2 cloak (worn)
Jewellery
 h - a +2 ring of protection (right claw)
 n - a ring of sustain attributes (left claw)
 q - an uncursed ring of protection from fire
 F - a cursed ring of teleportation
Wands
 m - a wand of confusion (25)
 C - a wand of frost (17)
 G - a wand of enslavement (13)
Scrolls
 b - a scroll of enchant weapon {unknown}
 d - 5 scrolls of teleportation
 i - 4 scrolls of amnesia
 j - a scroll of blinking
 A - 8 scrolls of remove curse
 K - a scroll of identify
Potions
 l - a potion of resistance
 o - 2 potions of curing
 r - 2 potions of agility
 w - 5 potions of might
 z - 2 potions of mutation
 B - a potion of beneficial mutation {unknown}
Books
 t - Ophantarewn's Tome of Attacks
   (You found it on level 8 of the Dungeon)

   Spells                             Type                      Level
   a - Flame Tongue                   Conjuration/Fire             1
   b - Dazzling Spray                 Conjuration/Hexes            3
   c - Bolt of Magma                  Conjuration/Fire/Earth       5
   d - Iron Shot                      Conjuration/Earth            6
 v - a book of Dreams

   Spells                             Type                      Level
   a - Ensorcelled Hibernation        Hexes/Ice                    2
   b - Phase Shift                    Translocation                5
   c - Shadow Creatures               Summoning                    5
   d - Silence                        Hexes/Air                    5
   e - Darkness                       Hexes                        6
   f - Mass Confusion                 Hexes                        6
Comestibles
 f - 4 bread rations
 k - 2 beef jerkies
 p - a slice of pizza
 u - 2 fruits
 E - a chunk of flesh
 H - a royal jelly
 I - 5 meat rations


   Skills:
 + Level 5.3 Fighting
 + Level 0.6 Long Blades
 + Level 11.6 Crossbows
 + Level 4.0 Armour
 + Level 4.9 Dodging
 + Level 4.1 Stealth
 + Level 1.2 Shields
 + Level 2.0 Evocations


You had 9 spell levels left.
You didn't know any spells.

Dungeon Overview and Level Annotations

Branches:
Dungeon (9/15)             Temple (1/1) D:5            Lair (0/8) D:8
    Orc: D:9-12

Altars:
Ashenzari
Cheibriados
Dithmenos
Elyvilon
Fedhas
Gozag
Kikubaaqudgha
Makhleb
Nemelex Xobeh
Okawaru
Qazlal
Ru
Sif Muna
Trog
Vehumet
Yredelemnul
Zin
The Shining One

Annotations:
D:9 Gastronok


Innate Abilities, Weirdness & Mutations

You have very sharp fingernails.
You are significantly more attuned to the shadows.
You are mostly covered in sharp spines.


Message History

Some of the chunks of flesh in your inventory have rotted away.
HP restored.
There is a stone staircase leading down here.
There is an open door here.
Some of the chunks of flesh in your inventory have rotted away.
There is an open door here.
There is an open door here.
There is an open door here.
Gastronok gurgles horribly!
You hit Gastronok.
Gastronok is lightly wounded.
Gastronok bites you!!
There is an open door here.
Gastronok waves his eye-stalks in wide circles.
The air twists around and strikes you!
Ouch! That really hurt!
* * * LOW HITPOINT WARNING * * *
Gastronok waves his eye-stalks in wide circles.
The air twists around and strikes you!
You die...

######'### #..# #. #...#
##.# ## ###.# #.##
#####'### #..# #.......#
####'### #.......#
#......# #.......#
#......#
#.......#####......#####
#......@'...'......#....
+.......#####......'>###
#.......# #......###
#.w.....# ########
##'###### #.### #...##
###..# #####'##


You could see Gastronok.

Vanquished Creatures
  Erica (D:8)
  Pikel (D:8)
  An elephant (D:8)
  A troll (D:9)
  3 orc warriors
  Purgy (D:4)
  2 sky beasts
  An ice beast (D:7)
  2 slaves (D:8)
  2 ogres
  The ghost of gorblad the Sneak, an amateur HEAs (D:3)
  2 centaurs (D:5)
  A wyvern zombie (D:8)
  2 giant frogs
  2 scorpions
  6 killer bees (D:7)
  4 wights (D:7)
  4 centaur zombies
  6 crimson imps
  A hound (D:4)
  2 bog bodies (Ossuary)
  2 centaur skeletons
  3 giant frog zombies (Ossuary)
  A jelly (D:8)
  7 orc wizards
  A giant frog skeleton (D:5)
  3 orc priests
  4 worker ants
  3 iguanas
  A killer bee zombie (Ossuary)
  3 hound zombies (Ossuary)
  A hound skeleton (D:7)
  7 mummies (Ossuary)
  5 worker ant zombies (Ossuary)
  13 adders
  6 gnolls
  5 shadow imps
  An ooze (D:3)
  6 adder zombies
  An adder skeleton (D:4)
  3 worms
  7 giant geckos
  28 orcs
  5 goblins
  11 hobgoblins
  9 jackals
  2 quokkas
  10 bats
  5 giant cockroaches
  A giant cockroach zombie (Ossuary)
  A giant gecko zombie (Ossuary)
  5 giant newts
  3 kobolds
  A quokka skeleton (D:9)
  A quokka zombie (Ossuary)
  4 rats
215 creatures vanquished.

Vanquished Creatures (others)
  The ghost of gorblad the Blocker, a novice DrAE (D:8)
  A yak (D:8)
  An ogre (D:8)
  A crocodile (D:8)
  A sheep (D:8)
  2 plants (Ossuary)
7 creatures vanquished.

Grand Total: 222 creatures vanquished

Notes
Turn   | Place    | Note
--------------------------------------------------------------
     0 | D:1      | gorblad the Demonspawn Wanderer began the quest for the Orb.
     0 | D:1      | gorblad set off with: a +2 hand crossbow, 22 bolts, a potion of lignification, a scroll of teleportation, a +0 robe, a bread ration
     0 | D:1      | Reached XP level 1. HP: 19/19 MP: 2/2
   177 | D:1      | Gained mutation: You are partially covered in sharp spines. [demonic ancestry]
   177 | D:1      | Reached XP level 2. HP: 16/26 MP: 3/3
   817 | D:2      | Gained mutation: You have sharp fingernails. [demonic ancestry]
   817 | D:2      | Reached XP level 3. HP: 31/31 MP: 4/4
  1064 | D:2      | You fall through a shaft!
  1391 | D:3      | Noticed gorblad's ghost (amateur HEAs)
  1406 | D:3      | Gained mutation: You have very sharp fingernails. [demonic ancestry]
  1406 | D:3      | Reached XP level 4. HP: 18/38 MP: 5/5
  1409 | D:3      | Killed gorblad's ghost
  1409 | D:3      | Reached skill level 1 in Stealth
  1409 | D:3      | Gained mutation: You are slightly more attuned to the shadows. [demonic ancestry]
  1409 | D:3      | Reached XP level 5. HP: 21/43 MP: 6/6
  2063 | D:3      | Reached XP level 6. HP: 50/50 MP: 7/7
  2802 | D:4      | Noticed Purgy
  2812 | D:4      | Killed Purgy
  2812 | D:4      | Reached skill level 5 in Crossbows
  2812 | D:4      | Reached skill level 1 in Dodging
  2816 | D:4      | Gained mutation: You are mostly covered in sharp spines. [demonic ancestry]
  2816 | D:4      | Reached XP level 7. HP: 20/55 MP: 8/8
  3305 | D:4      | Reached skill level 6 in Crossbows
  3654 | D:5      | Entered Level 5 of the Dungeon
  3666 | D:5      | Found a sand-covered staircase.
  3706 | Ossuary  | Entered an ossuary
  3838 | Ossuary  | Reached skill level 5 in Fighting
  3852 | Ossuary  | Gained mutation: You are significantly more attuned to the shadows. [demonic ancestry]
  3852 | Ossuary  | Reached XP level 8. HP: 21/62 MP: 9/9
  3893 | Ossuary  | Reached skill level 7 in Crossbows
  4162 | D:5      | Found a staircase to the Ecumenical Temple.
  4169 | D:5      | Found a basalt altar of Yredelemnul.
  4186 | Temple   | Entered the Ecumenical Temple
  4322 | Temple   | Became a worshipper of Dithmenos the Shadowed
  4575 | D:5      | Found a sparkling altar of Nemelex Xobeh.
  4761 | D:5      | Reached skill level 8 in Crossbows
  5079 | D:5      | Found a bloodstained altar of Trog.
  5079 | D:5      | Found an iron altar of Okawaru.
  5079 | D:5      | Found a white marble altar of Elyvilon.
  5191 | D:5      | Reached * piety under Dithmenos
  5560 | D:6      | Reached skill level 9 in Crossbows
  5598 | D:6      | Reached XP level 9. HP: 68/68 MP: 10/10
  5637 | D:6      | Found a stormy altar of Qazlal.
  6564 | D:7      | Found a deep blue altar of Sif Muna.
  6754 | D:7      | Reached ** piety under Dithmenos
  6909 | D:7      | Reached skill level 10 in Crossbows
  7618 | D:8      | Noticed Erica
  7630 | D:8      | Killed Erica
  7630 | D:8      | Reached skill level 11 in Crossbows
  7751 | D:8      | Noticed gorblad's ghost (novice DrAE)
  7763 | D:8      | Noticed an elephant
  7766 | D:8      | Killed gorblad's ghost
  7807 | D:8      | Killed an elephant
  7807 | D:8      | Reached XP level 10. HP: 23/74 MP: 11/11
  7827 | D:8      | Found a staircase to the Lair.
  7835 | D:8      | Identified Ophantarewn's Tome of Attacks
  8601 | D:8      | Noticed Pikel
  8622 | D:8      | Killed Pikel
  8622 | D:8      | Reached skill level 1 in Shields
  9218 | D:9      | Noticed Gastronok
  9356 | D:9      | Killed from afar by Gastronok

Action                   |  1- 3 |  4- 6 |  7- 9 | 10-12 || total
-------------------------+-------+-------+-------+-------++-------
Melee: Hand crossbow     |       |       |    35 |    28 ||    63
       Great sword       |       |       |       |    35 ||    35
 Fire: Hand crossbow     |    76 |    70 |   348 |    25 ||   519
  Use: Scroll            |     4 |     5 |    11 |       ||    20
       Potion            |     2 |       |    11 |     1 ||    14
 Stab: Sleeping          |       |       |       |     8 ||     8
       Distracted        |       |       |       |     1 ||     1
  Eat: Chunk             |     1 |     5 |    13 |     4 ||    23
       Fruit             |       |       |     2 |     1 ||     3
       Pizza             |       |       |       |     1 ||     1
